 Dungeon Crawl Stone Soup version bcrawl-1.12-5-g74a5124548 (webtiles) character file.

Game seed: 16650831109313447014

65 MisterOstroum the Skirmisher (level 3, 0/29 HPs)
             Began as a Demonspawn Archaeologist on May 31, 2019.
             Succumbed to a scorpion's poison
             ... on level 2 of the Dungeon.
             The game lasted 00:02:18 (982 turns).

MisterOstroum the Skirmisher (DsAc)                  Turns: 982, Time: 00:02:19

Health: 0/29       AC: 13    Str: 12    XL:     3   Next: 94%
Magic:  3/3        EV:  5    Int: 15    God:
Gold:   36         SH:  0    Dex: 11    Spells: 2/2 levels left

rFire    . . .     SeeInvis .   l - +1 dagger (speed)
rCold    . . .     Gourm    .   (no shield)
rNeg     . . .     Faith    .   k - +0 chain mail (curse)
rPois    .         Spirit   .   b - +1 hat
rElec    .         Reflect  .   (no cloak)
rCorr    .         Harm     .   d - +1 pair of gloves
MR       .....                  c - +1 pair of boots
Stlth    ..........             (no amulet)
HPRegen  0.09/turn              (no ring)
MPRegen  0.08/turn              (no ring)

@: lethally poisoned (0 -> -5), studying Long Blades
A: demonic guardian 1
a: no special abilities


You were on level 2 of the Dungeon.
You were not hungry.

You visited 1 branch of the dungeon, and saw 2 of its levels.

You collected 36 gold pieces.

Inventory:

Hand Weapons
 l - a +1 dagger of speed (weapon)
Armour
 b - a +1 hat (worn)
 c - a +1 pair of boots (worn)
 d - a +1 pair of gloves (worn)
 k - a cursed +0 chain mail (worn)
Jewellery
 j - a +4 amulet of reflection
 m - a +2 ring of intelligence
Scrolls
 i - a scroll of magic mapping {@r5 !r}
Books
 g - a manual of Long Blades
Miscellaneous
 f - an ancient crate
Comestibles
 a - 4 chunks of flesh
 e - 3 rations {!d}


   Skills:
 + Level 3.4 Fighting
 + Level 1.9 Long Blades
 - Level 2.6 Dodging
 - Level 3.0 Stealth


You had 2 spell levels left.
You didn't know any spells.
Your spell library was empty.

Dungeon Overview and Level Annotations

Branches:
Dungeon (2/12)

Altars:


Innate Abilities, Weirdness & Mutations

A weak demonic guardian rushes to your aid.


Message History

You closely miss the leopard gecko.
The leopard gecko is severely wounded.
The leopard gecko bites you but does no damage.
You miss the leopard gecko.
The leopard gecko is severely wounded.
You hit the leopard gecko.
You kill the leopard gecko!
A rat comes into view.
The rat bites you but does no damage.
You closely miss the rat.
A rat is nearby!
You completely miss the rat. The rat barely misses you.
You completely miss the rat. The rat bites you but does no damage.
You closely miss the rat. The rat bites you but does no damage.
You hit the rat.
You kill the rat!
A scorpion comes into view.
You see here a rat corpse.
The scorpion stings you but does no damage.
A scorpion is nearby!
You closely miss the scorpion. You hit the scorpion but do no damage.
The scorpion stings you but does no damage.
Some of the chunks of flesh in your inventory have rotted away.
Your chain mail prevents you from hitting the scorpion.
The scorpion stings you but does no damage.
You hit the scorpion but do no damage. You hit the scorpion but do no damage.
The scorpion barely misses you.
You hit the scorpion.
The scorpion is moderately wounded.
Your iron imp barely misses the scorpion.
The scorpion stings you but does no damage.
You hit the scorpion but do no damage.
The scorpion is moderately wounded.
Your iron imp misses the scorpion.
You closely miss the scorpion.
The scorpion is moderately wounded.
The scorpion stings you.
You are poisoned.
The scorpion poisons you!
Your chain mail prevents you from hitting the scorpion.
The scorpion is moderately wounded.
You feel sick.
Your iron imp hits the scorpion.
The scorpion stings you but does no damage.
You closely miss the scorpion.
The scorpion is heavily wounded.
You feel sick.
You hit the scorpion but do no damage.
The scorpion is heavily wounded.
The scorpion stings you.
You are lethally poisoned!
The scorpion poisons you!
You hit the scorpion.
The scorpion is heavily wounded.
You feel sick.
Your iron imp hits the scorpion.
The scorpion stings you but does no damage.
You feel sick.
Your iron imp barely misses the scorpion.
The scorpion closely misses your iron imp.
You see here a rat corpse.
You feel sick.
Your iron imp hits the scorpion!
The scorpion dies!
Your Long Blades skill increases to level 1!
You feel sick.
You aren't carrying any potions.
There is a lethal amount of poison in your body!
As you read the scroll labeled UPIASE HUTRAMP, it crumbles to dust.
It is a scroll of identify.
j - a +4 amulet of reflection You feel sick.
As you read the scroll of identify {@r1}, it crumbles to dust.
m - a +2 ring of intelligence You feel sick.
As you read the scroll labeled ZEXKYTHR LEOL, it crumbles to dust.
You feel aware of your surroundings.
It was a scroll of magic mapping.
You feel sick.
There is a lethal amount of poison in your body!
You feel sick.
* * * LOW HITPOINT WARNING * * *
You feel sick.
* * * LOW HITPOINT WARNING * * *
You feel sick.
Your iron imp disappears in a puff of smoke!
* * * LOW HITPOINT WARNING * * *
You feel sick.
* * * LOW HITPOINT WARNING * * *
You feel sick.
* * * LOW HITPOINT WARNING * * *
You feel sick.
* * * LOW HITPOINT WARNING * * *
You feel sick.
* * * LOW HITPOINT WARNING * * *
You feel sick.
* * * LOW HITPOINT WARNING * * *
You feel sick.
* * * LOW HITPOINT WARNING * * *
You feel sick.
Unknown command.
Some of the chunks of flesh in your inventory have rotted away.
You die...

****,,,,,,,,,,,**###*,,*
*****,,,,,,,#...#*,**
***,,,,,....#*,* *,,,,,#...#*,*
******* *,,,,,*...#*,* *******
*,,,,,****,****...#*,**#.....#*
*,***,,***,* ##.###.##.......**
*,* **,.##.####......#.........*
*,* **........@†#####.........#
*,* *##.###.#...# #.........#
*,** *,*#..##..## #......)..#
*,,******,#..#*#...###.).......#
**,*,,,,,...#* #.#.............#
*,,,***..##* #.#.....>......(#
*,*** #.#* #...###.........#
***,* #.* #..## #.........#
,**,* *,* #..* #......÷<.#


There were no monsters in sight!

Vanquished Creatures
  An ooze (D:2)
  3 leopard geckos
  4 bats (D:1)
  A giant cockroach (D:1)
  5 goblins
  3 hobgoblins
  A quokka (D:2)
  4 kobolds
  3 rats
25 creatures vanquished.

Vanquished Creatures (collateral kills)
  A scorpion (D:2)
1 creature vanquished.

Grand Total: 26 creatures vanquished

Notes
Turn   | Place    | Note
-------+----------+-------------------------------------------
     0 | D:1      | MisterOstroum the Demonspawn Archaeologist began the quest
                  | for the Orb.
     0 | D:1      | Reached XP level 1. HP: 15/15 MP: 1/1
   381 | D:1      | Gained mutation: A weak demonic guardian rushes to your
                  | aid. [demonic ancestry]
   381 | D:1      | Reached XP level 2. HP: 21/22 MP: 2/2
   918 | D:2      | Reached XP level 3. HP: 28/29 MP: 3/3
   945 | D:2      | Noticed a scorpion
   963 | D:2      | Killed a scorpion
   963 | D:2      | Reached skill level 1 in Long Blades
   980 | D:2      | HP: 1/29 [poisoned by a scorpion]
   982 | D:2      | Succumbed to a scorpion's poison

Skill      XL: |  1  2  3 |
---------------+----------+-----
Fighting       | 2 3 |  3.4
Long Blades    | 1 |  1.9
Dodging        | |  2.6
Stealth        | |  3.0

Action                   || total
-------------------------++-------
Melee: Dagger            ||   112
       Whip              ||    55
       Unarmed           ||     5
  Use: Scroll            ||     3
Armor: Chain mail        ||   129
       Robe              ||     4
Dodge: Dodged            ||    47
